 Dungeon Crawl Stone Soup version 0.30-a0-618-gd6c86c23d0 (webtiles) character file.

Game seed: 7220951067797677739

32 Powssss the Trooper (level 3, 33/33 HPs)
             Began as a Minotaur Fighter on Jan 10, 2023.
             Quit the game on level 1 of the Dungeon.
             The game lasted 00:10:26 (1670 turns).

Powssss the Trooper (Minotaur Fighter)              Turns: 1670, Time: 00:10:26

Health: 33/33      AC:  7    Str: 22    XL:     3   Next: 8%
Magic:  2/2        EV:  9    Int:  5    God:
Gold:   48         SH:  4    Dex:  9    Spells: 2/2 levels left

rFire   . . .      SeeInvis .    a - +0 long sword
rCold   . . .      Faith    .    c - +0 buckler
rNeg    . . .      Spirit   .    b - +0 scale mail
rPois   .          Reflect  .    (helmet restricted)
rElec   .          Harm     .    (no cloak)
rCorr   .          Rampage  .    (no gloves)
Will    .....                    (no boots) Stlth
                                 (no amulet)
HPRegen 0.25/turn                (no ring)
MPRegen 0.08/turn                (no ring)

@: no status effects
A: horns 2, retaliatory headbutt
a: no special abilities


You were on level 1 of the Dungeon.
You visited 1 branch of the dungeon, and saw 1 of its levels.

You collected 48 gold pieces.

Inventory:

Hand Weapons
 a - a +0 long sword (weapon)
Armour
 b - a +0 scale mail (worn)
 c - a +0 buckler (worn)
Scrolls
 f - a scroll of enchant weapon {unknown}
 h - a scroll of vulnerability {unknown}
 k - a scroll of brand weapon {unknown}
 l - a scroll of fog {unknown}
Potions
 d - a potion of might
 e - a potion of haste {unknown}
 g - 2 potions of heal wounds {unknown}
 i - a potion of lignification {unknown}
 j - a potion of attraction {unknown}
 m - a potion of magic {unknown}


   Skills:
 + Level 4.1 Fighting
 + Level 2.8 Long Blades
 + Level 4.1 Armour
 + Level 4.0 Shields


You had 2 spell levels left.
You didn't know any spells.
Your spell library was empty.

Dungeon Overview and Level Annotations

Branches:
Dungeon (1/15)

Altars:

Annotations:
D:1 1 exclusion


Innate Abilities, Weirdness & Mutations

You have a pair of horns on your head.
You reflexively headbutt those who attack you in melee.


Message History

You swing at nothing.
Adjust (i)tems, (s)pells, or (a)bilities?
Huh?
You swing at nothing.
Save game and exit?
Okay, then.
Okay, then.
You are a level 3 Minotaur Fighter.
You are 8% of the way to level 4.
Play time: 00:07:03 (1552 turns).
Zot will find you in 4436 turns if you stay in this branch and explore no new floors.
You aren't wearing any rings or amulets.
Okay, then.
Okay, then.
(D) Dungeon
Where to? (Enter - D:1 @ (x,y), ? - help)
Okay, then.
(D) Dungeon
Where to? (Enter - D:1 @ (x,y), ? - help)
Okay, then.
Unknown command.
Unknown command.
Unknown command.
You start waiting.
Done waiting.
You don't know any spells.
Sorry, I don't know how to traverse that place.
You drop 2 clear potions.
No item to drop.
No item to drop.
Okay, then.
Unknown command.
Level annotation: 1 exclusion Welcome back, Powssss the Minotaur Fighter.
Press ? for a list of commands and other information.
You see here 2 clear potions.
You don't know any spells.
You don't know any spells.
You don't know any spells.
You don't know any spells.
Are you sure you want to abandon this character and quit the game? (Confirm with "yes".)

##.#........#........#
)....##..####........#
##.####.## ##########
#......# ##..#####
#..## ########### ...#
#.........# #..#
#.........# #.##
#!.@......# #.#
#.........# #.# ######
#.........#
#.####....#
####..#####
#)##......# #..#
#....#....# ##.)#
..........# #...#
.#........# #.#.#
...###....# #.#.#


There were no monsters in sight!

Vanquished Creatures
  A gnoll (D:1)
  A giant cockroach (D:1)
  5 goblins (D:1)
  5 hobgoblins (D:1)
  3 ball pythons (D:1)
  2 bats (D:1)
  2 frilled lizards (D:1)
  A kobold (D:1)
20 creatures vanquished.

Notes
Turn   | Place    | Note
-------+----------+-------------------------------------------
     0 | D:1      | Powssss the Minotaur Fighter began the quest for the Orb.
     0 | D:1      | Reached XP level 1. HP: 19/19 MP: 0/0
  1072 | D:1      | Reached XP level 2. HP: 27/27 MP: 1/1
  1503 | D:1      | Reached XP level 3. HP: 30/33 MP: 2/2
  1670 | D:1      | Quit the game

Illustrated notes

Levels and vault maps discovered:
D:1:      lemuel_arrival_funnel, layout_rooms

Skill      XL: |  1  2 |
---------------+-------+-----
Fighting       | 4 |  4.1
Armour         | 4 |  4.1
Shields        | 4 |  4.0
Long Blades    | |  2.8

Action                   || total
-------------------------++-------
Melee: Long sword        ||    36
       Headbutt          ||     8
Armor: Scale mail        ||    17
Dodge: Dodged            ||    20
Block: Buckler           ||    11

Table legend: (Time is in decaauts)
 A = Elapsed time spent in this place.
 B = Non-inter-level travel time spent in this place.
 C = Inter-level travel time spent in this place.
 D = Time resting spent in this place.
 E = Time spent auto-exploring this place.
 F = Levels seen in this place.
 G = Mean time per level.
                   A        B        C        D        E       F      G
               +--------+--------+--------+--------+--------+-----+--------+
         Total |   1681 |   1676 |      5 |    835 |      0 |   1 | 1681.0 |
       Dungeon |   1681 |   1676 |      5 |    835 |      0 |   1 | 1681.0 |
               +--------+--------+--------+--------+--------+-----+--------+

Top non-repeatable levels by time:
     D:1: 1681 daAuts
